 Dungeon Crawl Stone Soup version 0.27.1-34-g3ba077fa99 (webtiles) character file.

Game seed: 12209974558778034516

508 Ijustatesigmund the Skirmisher (level 7, -2/45 HPs)
             Began as a Gargoyle Fighter on Feb 3, 2022.
             Slain by an ogre (18 damage)
             ... on level 4 of the Dungeon.
             The game lasted 00:04:46 (2783 turns).

Ijustatesigmund the Skirmisher (Gargoyle Fighter)   Turns: 2783, Time: 00:04:46

Health: -2/45      AC: 11    Str: 20    XL:     7   Next: 18%
Magic:  7/7        EV:  9    Int: 14    God:
Gold:   109        SH:  0    Dex: 11    Spells: 6/6 levels left

rFire    . . .     SeeInvis +   a - +9 halberd "Jipro Ziwk" {vamp, Will+ Int+4 Dex+2 SInv}
rCold    . . .     Faith    .   (shield currently unavailable)
rNeg     + . .     Spirit   .   b - +0 scale mail
rPois    ∞         Reflect  .   (no helmet)
rElec    +         Harm     .   (no cloak)
rCorr    .         Rampage  .   (no gloves)
Will     +....                  (no boots)
Stlth    ..........             (no amulet)
HPRegen  0.15/turn              (no ring)
MPRegen  0.10/turn              (no ring)

@: no status effects
A: sickness immunity, AC +4, negative energy resistance 1, electricity
resistance, torment resistance 1, petrification resistance
a: no special abilities


You were on level 4 of the Dungeon.
You visited 1 branch of the dungeon, and saw 4 of its levels.

You collected 109 gold pieces.

Inventory:

Hand Weapons
 a - the +9 halberd "Jipro Ziwk" (weapon) {vamp, Will+ Int+4 Dex+2 SInv}
   (You acquired it on level 3 of the Dungeon)

   It occasionally heals its wielder for a portion of the damage dealt when it
   wounds a living foe.
   Int:       It affects your intelligence (+4).
   Dex:       It affects your dexterity (+2).
   SInv:      It lets you see invisible.
   Will:      It increases your willpower.
Missiles
 g - 3 curare-tipped darts
 k - 2 throwing nets (quivered)
Armour
 b - a +0 scale mail (worn)
Jewellery
 e - an amulet of regeneration
Scrolls
 c - a scroll of fog {unknown}
 j - a scroll of noise {unknown}
Potions
 d - a potion of might
 f - a potion of brilliance
 h - a potion of attraction {unknown}


   Skills:
 + Level 5.6 Fighting
 - Level 4.5 Maces & Flails
 * Level 3.6 Polearms
 - Level 3.2 Armour
 - Level 3.2 Shields


You had 6 spell levels left.
You didn't know any spells.
Your spell library contained the following spells:

 Spells                   Type           Power      Damage    Failure   Level
 Freeze                   Ice            0%         1d3       63%         1
 Blink                    Tloc           N/A        N/A       77%         2
 Frozen Ramparts          Ice            0%         1d2       94%         3
 Lesser Beckoning         Tloc           0%         N/A       94%         3
 Hailstorm                Conj/Ice       0%         3d3       100%        4
 Manifold Assault         Tloc           0%         N/A       100%        5


Dungeon Overview and Level Annotations

Branches:
Dungeon (3/15)

Altars:


Innate Abilities, Weirdness & Mutations

You are immune to sickness and miasma.
Your stone body is resilient. (AC +4)
You are immune to poison.
You resist negative energy. (rN+)
You are resistant to electric shocks. (rElec)
You are resistant to unholy torment.
You are immune to petrification.


Message History

Your Polearms skill increases to level 3!
You have reached level 7!
You slash the orc priest!
The orc priest is severely wounded.
The orc priest completely misses you.
You completely miss the orc priest.
The orc priest is severely wounded.
The orc priest hits you with a +0 dagger.
You barely miss the orc priest.
The orc priest is severely wounded.
The orc priest looks satisfied for a moment.
The orc priest hits you but does no damage.
You puncture the orc priest!
You feel better.
You kill the orc priest!
Items here: )) [[.
Items here: )))) [[[ ††.
Okay, then.
Items here: )) [[.
Okay, then.
Items here: )))) [[[ ††.
You now have 109 gold pieces (gained 5).
An ogre comes into view. It is wielding a +0 giant club.
The ogre shouts!
You reach to attack!
You closely miss the ogre.
The ogre hits you with a +0 giant club!!
You completely miss the ogre. The ogre hits you with a +0 giant club.
You are too injured to fight recklessly!
You are too injured to fight recklessly!
You are too injured to fight recklessly!
You are too injured to fight recklessly!
You are too injured to fight recklessly!
You are too injured to fight recklessly!
You are too injured to fight recklessly!
You slash the ogre!
You feel better.
The ogre is heavily wounded.
The ogre hits you with a +0 giant club!!
* * * LOW HITPOINT WARNING * * *
You feel better.
The ogre hits you with a +0 giant club!!
You die...

######### ##
##########.......# ..
#.O.....##.......# #. #@#
#. #.......#
####..####.#####.##.......#
.......))...............>.#
#####<.###.####..#..†.....#
##. #.### ..#.####.... #.#
#.# ....#.# #.### ###..
#.## #.##.####.# .....#..#
#..†...†..#
##..#.##.#..#.######


You could see an ogre.

Vanquished Creatures
  Sigmund (D:4)
  A scorpion (D:4)
  An orc priest (D:4)
  Natasha (D:4)
  2 orc wizards (D:4)
  Robin (D:2)
  5 adders
  4 gnolls (D:3)
  3 worms (D:2)
  2 dart slugs
  2 orcs (D:4)
  7 endoplasms
  2 giant cockroaches
  13 goblins
  6 hobgoblins
  2 jackals (D:1)
  6 kobolds
  4 quokkas
  8 ball pythons
  4 bats
  2 frilled lizards (D:1)
  5 rats
82 creatures vanquished.

Notes
Turn   | Place    | Note
-------+----------+-------------------------------------------
     0 | D:1      | Ijustatesigmund the Gargoyle Fighter began the quest for
                  | the Orb.
     0 | D:1      | Reached XP level 1. HP: 14/14 MP: 1/1
   321 | D:1      | Reached XP level 2. HP: 18/19 MP: 2/2
   685 | D:1      | Reached XP level 3. HP: 18/24 MP: 3/3
  1261 | D:2      | Reached skill level 4 in Fighting
  1527 | D:2      | Reached XP level 4. HP: 29/29 MP: 4/4
  1619 | D:2      | Noticed Robin
  1626 | D:2      | Killed Robin
  1780 | D:2      | Found a faded altar of an unknown god.
  2275 | D:3      | Reached XP level 5. HP: 29/34 MP: 5/5
  2453 | D:3      | Identified a scroll of acquirement
  2453 | D:3      | Acquired the +9 halberd "Jipro Ziwk" {vamp, Will+ Int+4
                  | Dex+2 SInv}
  2642 | D:3      | You fall into a shaft and drop 1 floor!
  2644 | D:4      | Noticed Natasha
  2658 | D:4      | Killed Natasha
  2659 | D:4      | Reached skill level 1 in Polearms
  2718 | D:4      | Reached skill level 5 in Fighting
  2718 | D:4      | Reached XP level 6. HP: 40/40 MP: 6/6
  2735 | D:4      | Noticed Sigmund
  2747 | D:4      | Killed Sigmund
  2748 | D:4      | Reached XP level 7. HP: 39/44 MP: 7/7
  2783 | D:4      | Slain by an ogre

Illustrated notes

Levels and vault maps discovered:
D:1:      zelgadis_glass_arrival_small, layout_loops_ring, minmay_pentomino_o4
D:2:      layout_basic, basic_ecumenical_altar, uniq_robin
D:3:      layout_loops_ring
D:4:      layout_basic, zin_angel, uniq_natasha, uniq_sigmund

Skill      XL: |  1  2  3  4  5  6 |
---------------+-------------------+-----
Maces & Flails | 3 4 |  4.5
Fighting       | 4 5 |  5.6
Polearms       | 2 3 |  3.6
Armour         | |  3.2
Shields        | |  3.2

Action                   |  1- 3 |  4- 6 |  7- 9 || total
-------------------------+-------+-------+-------++-------
Melee: Flail             |   133 |    91 |       ||   224
       Halberd           |       |    51 |     7 ||    58
  Use: Scroll            |     4 |     2 |       ||     6
       Potion            |     2 |     1 |     1 ||     4
Armor: Scale mail        |    74 |    50 |     1 ||   125
       Skin              |    14 |       |       ||    14
Dodge: Dodged            |    48 |    46 |     1 ||    95
Block: Kite shield       |    71 |    44 |       ||   115
